 Dungeon Crawl Stone Soup version 0.28-a0-1038-g9c4cb8273d (webtiles) character file.

Game seed: 1965119954962463452

46 siradein the Skirmisher (level 3, -1/29 HPs)
             Began as a Human Fighter on Dec 9, 2021.
             Slain by an adder (2 damage)
             ... on level 2 of the Dungeon.
             The game lasted 00:02:50 (1745 turns).

siradein the Skirmisher (Human Fighter)             Turns: 1745, Time: 00:02:51

Health: -1/29      AC:  6    Str: 18    XL:     3   Next: 95%
Magic:  3/3        EV:  9    Int:  8    God:
Gold:   117        SH:  4    Dex: 12    Spells: 2/2 levels left

rFire   . . .      SeeInvis .   a - +0 flail
rCold   . . .      Faith    .   c - +0 buckler
rNeg    . . .      Spirit   .   b - +0 scale mail
rPois   .          Reflect  .   (no helmet)
rElec   .          Harm     .   (no cloak)
rCorr   .          Rampage  .   (no gloves)
Will    .....                   (no boots)
Stlth   ..........              (no amulet)
HPRegen 0.09/turn               (no ring)
MPRegen 0.08/turn               (no ring)

@: lethally poisoned (-1 -> -6)
A: no striking features
a: no special abilities


You were on level 2 of the Dungeon.
You visited 1 branch of the dungeon, and saw 2 of its levels.

You collected 117 gold pieces.

Inventory:

Hand Weapons
 a - a +0 flail (weapon)
Armour
 b - a +0 scale mail (worn)
 c - a +0 buckler (worn)
Scrolls
 e - a scroll of summoning {unknown}
 f - a scroll of fear {unknown}
 g - a scroll of teleportation {unknown}
 h - a scroll of noise {unknown}
 i - a scroll of fog {unknown}
 l - a scroll of enchant weapon {unknown}
 m - a scroll of magic mapping {unknown}
Potions
 d - a potion of might
 j - a potion of heal wounds {unknown}
 k - a potion of ambrosia {unknown}


   Skills:
 + Level 3.4 Fighting
 + Level 2.5 Maces & Flails
 + Level 3.4 Armour
 + Level 3.4 Shields


You had 2 spell levels left.
You didn't know any spells.
Your spell library was empty.

Dungeon Overview and Level Annotations

Branches:
Dungeon (2/15)

Altars:


Message History

The endoplasm is heavily wounded.
The bat hits you but does no damage. The endoplasm freezes you.
You are frozen.
The endoplasm freezes you.
You are frozen.
Unknown command.
You sock the endoplasm!
You kill the endoplasm!
The bat closely misses you. The bat hits you but does no damage.
The adder bites you but does no damage. You block the adder's attack.
The bat barely misses you. You block the adder's attack.
The bat hits you but does no damage. The bat barely misses you.
The adder bites you but does no damage. The adder bites you.
You are poisoned.
The adder poisons you!
You miss the adder.
You feel sick. The adder bites you.
You are more poisoned.
The adder poisons you!
You hit the adder.
The adder is lightly wounded.
You feel very sick. The adder barely misses you.
The adder bites you but does no damage.
You closely miss the adder.
You feel sick. The adder bites you. The adder barely misses you.
You barely miss the adder.
You feel sick. The adder bites you.
* * * LOW HITPOINT WARNING * * *
You are lethally poisoned!
The adder poisons you! The adder bites you but does no damage.
You closely miss the adder.
* * * LOW HITPOINT WARNING * * *
You feel very sick. The adder bites you but does no damage.
You sock the adder!
The adder is almost dead.
* * * LOW HITPOINT WARNING * * *
You feel sick. The adder closely misses you. The adder bites you.
You die...

####.#
#.##.............#
###
#.##..............
#.##............#
#.##............#
#.##............#
#.##............#
#.##..b..b.......
#.#######S#######
#.# #@#
#.#######.#
#.........#
###########


You could see an adder and a bat.

Vanquished Creatures
  A worm (D:2)
  2 dart slugs
  2 ball pythons
  4 endoplasms (D:2)
  4 giant cockroaches
  2 goblins
  5 hobgoblins
  A jackal (D:1)
  A quokka (D:1)
  2 bats (D:1)
  6 kobolds
  6 rats
36 creatures vanquished.

Notes
Turn   | Place    | Note
-------+----------+-------------------------------------------
     0 | D:1      | siradein the Human Fighter began the quest for the Orb.
     0 | D:1      | Reached XP level 1. HP: 18/18 MP: 1/1
     3 | D:1      | Noticed an electric eel
     4 | D:1      | Noticed an electric eel
   141 | D:1      | Reached XP level 2. HP: 24/24 MP: 2/2
   867 | D:1      | Reached XP level 3. HP: 27/29 MP: 3/3
  1125 | D:2      | Found a faded altar of an unknown god.
  1745 | D:2      | HP: 1/29 [poisoned by an adder]
  1745 | D:2      | Slain by an adder

Illustrated notes

Levels and vault maps discovered:
D:1:      arrival_aquarium_b, layout_basic, st_stairs_4
D:2:      layout_basic, ebering_ecumenical_altar_rust

Action                   || total
-------------------------++-------
Melee: Flail             ||   128
Armor: Scale mail        ||    64
Dodge: Dodged            ||    63
Block: Buckler           ||    31

Table legend: (Time is in decaauts)
 A = Elapsed time spent in this place.
 B = Non-inter-level travel time spent in this place.
 C = Inter-level travel time spent in this place.
 D = Time resting spent in this place.
 E = Time spent auto-exploring this place.
 F = Levels seen in this place.
 G = Mean time per level.
                   A        B        C        D        E       F      G
               +--------+--------+--------+--------+--------+-----+--------+
         Total |   1783 |   1745 |     38 |      6 |   1424 |   2 |  891.5 |
       Dungeon |   1783 |   1745 |     38 |      6 |   1424 |   2 |  891.5 |
               +--------+--------+--------+--------+--------+-----+--------+

Top non-repeatable levels by time:
     D:1: 1048 daAuts
     D:2: 734 daAuts
